 Dungeon Crawl Stone Soup version 0.30-a0-996-ga6910c8ee8 (webtiles) character file.

Game seed: 2701105817519656228

219 GigaChad the Chopper (level 5, 0/47 HPs)
             Began as a Minotaur Fighter on Apr 3, 2023.
             Slain by Pikel
             ... wielding a +1 whip of flaming
              (1 damage)
             ... on level 3 of the Dungeon on Apr 4, 2023.
             The game lasted 00:03:03 (2343 turns).

GigaChad the Chopper (Minotaur Fighter)             Turns: 2343, Time: 00:03:04

Health: 0/47       AC:  7    Str: 23    XL:     5   Next: 64%
Magic:  4/4        EV: 10    Int:  5    God:
Gold:   207        SH:  4    Dex:  9    Spells: 4/4 levels left

rFire   . . .      SeeInvis .    a - +0 war axe
rCold   . . .      Faith    .    c - +0 buckler
rNeg    . . .      Spirit   .    b - +0 scale mail
rPois   .          Reflect  .    (helmet restricted)
rElec   .          Rampage  .    (no cloak)
rCorr   .                        (no gloves)
Will    .....                    (no boots) Stlth
                                 (no amulet)
HPRegen 0.27/turn                (no ring)
MPRegen 0.09/turn                (no ring)

@: no status effects
A: horns 2, retaliatory headbutt
a: no special abilities


You were on level 3 of the Dungeon.
You visited 1 branch of the dungeon, and saw 4 of its levels.

You collected 207 gold pieces.

Inventory:

Hand Weapons
 a - a +0 war axe (weapon)
Armour
 b - a +0 scale mail (worn)
 c - a +0 buckler (worn)
Jewellery
 o - an amulet of regeneration
Scrolls
 e - a scroll of enchant armour {unknown}
 g - a scroll of noise
 h - a scroll of amnesia {unknown}
 j - a scroll of silence {unknown}
 m - 2 scrolls of teleportation {unknown}
 p - a scroll of fog
 r - a scroll of torment {unknown}
Potions
 d - a potion of might
 f - a potion of degeneration {unknown}
 i - a potion of curing {unknown}
 k - 3 potions of flight {unknown}
 l - a potion of mutation {unknown}
 n - a potion of resistance
 q - a potion of haste


   Skills:
 + Level 4.5 Fighting
 + Level 4.9 Axes
 + Level 4.6 Armour
 + Level 1.6 Dodging
 + Level 0.1 Stealth
 + Level 4.3 Shields


You had 4 spell levels left.
You didn't know any spells.
Your spell library contained the following spells:

 Spells                   Type           Power      Damage    Failure   Level
 Ignite Poison            Fire/Tmut/Pois 0%         N/A       99%         3
 Sticky Flame             Conj/Fire      0%         2d3       100%        4
 Ignition                 Fire           0%         3d3       100%        8


Dungeon Overview and Level Annotations

Branches:
Dungeon (4/15)
 Temple: D:4-7

Altars:
Elyvilon

Annotations:
D:3 Pikel


Innate Abilities, Weirdness & Mutations

You have a pair of horns on your head.
You reflexively headbutt those who attack you in melee.


Message History

You closely miss the lemure. You closely miss Pikel.
Pikel hits you with a +1 whip of flaming.
Pikel burns you. The lemure misses you. You furiously retaliate!
You headbutt the lemure! The lemure closely misses you.
You furiously retaliate!
You headbutt the lemure! The lemure hits you but does no damage.
The lemure hits you.
Pikel hits you with a +1 whip of flaming!
Pikel burns you.
You barely miss the lemure. You headbutt the lemure.
The lemure is severely wounded.
You slash the lemure! You hit Pikel but do no damage.
Pikel hits you with a +1 whip of flaming.
Pikel burns you. The lemure hits you. x2
* * * LOW HITPOINT WARNING * * *
Unknown command.
You are too injured to fight recklessly!
Unknown command.
You are too injured to fight recklessly!
Unknown command.
You are too injured to fight recklessly!
Pikel closely misses you. The lemure hits you.
* * * LOW HITPOINT WARNING * * *
The lemure closely misses you.
You climb upwards.
There is a stone staircase leading down, spattered with blood here.
You are too injured to fight recklessly!
You are too injured to fight recklessly!
Unknown command.
You are too injured to fight recklessly!
Unknown command.
You are too injured to fight recklessly!
You hit the lemure but do no damage. Your headbutt misses the lemure.
The lemure is severely wounded.
You closely miss the lemure. You barely miss Pikel.
The lemure hits you but does no damage. The lemure hits you!
* * * LOW HITPOINT WARNING * * *
Pikel hits you with a +1 whip of flaming.
* * * LOW HITPOINT WARNING * * *
Pikel burns you.
You die...

...###>.######.#######.#.# ##
##.....................#.# ##.
...############........#.######..
#### #........#......... #
###########........####......
#####.......................#####
#....[######...............####
..#########..##..K(....###....###
### #......###5@5.....# ####....
#.###### #........# ##### ##.#
####..#### #..# #.....# ###.##
#.....# ##...# #.....# #..###
#######..<..#
#.######).......####
##†#...).>########


You could see Pikel and 2 lemures.

Vanquished Creatures
  A lemure (D:3)
  A phantom (D:4)
  Robin (D:3)
  5 adders
  2 worms (D:2)
  A dart slug (D:1)
  5 bats
  7 endoplasms
  4 giant cockroaches
  11 hobgoblins
  2 jackals (D:2)
  4 kobolds
  4 quokkas
  8 ball pythons
  3 frilled lizards
  13 goblins
  4 rats
76 creatures vanquished.

Vanquished Creatures (others)
  A butterfly (D:3)
1 creature vanquished.

Grand Total: 77 creatures vanquished

Notes
Turn   | Place    | Note
-------+----------+-------------------------------------------
     0 | D:1      | GigaChad the Minotaur Fighter began the quest for the Orb.
     0 | D:1      | Reached XP level 1. HP: 19/19 MP: 0/0
   210 | D:1      | Reached XP level 2. HP: 17/27 MP: 1/1
   708 | D:2      | Reached XP level 3. HP: 33/33 MP: 2/2
   810 | D:2      | Upgraded the game from 0.30-a0-989-g0d87f670db to
                  | 0.30-a0-996-ga6910c8ee8
  1035 | D:2      | Found a faded altar of an unknown god.
  1263 | D:3      | Noticed Robin
  1273 | D:3      | Reached XP level 4. HP: 32/40 MP: 3/3
  1276 | D:3      | Killed Robin
  1381 | D:3      | Reached skill level 1 in Dodging
  1670 | D:3      | Found a white marble altar of Elyvilon.
  1695 | D:3      | Reached XP level 5. HP: 46/46 MP: 4/4
  1909 | D:4      | Noticed a phantom
  1913 | D:4      | Noticed a lemure
  1914 | D:4      | Noticed Pikel
  1915 | D:4      | Noticed a lemure
  1915 | D:4      | Noticed a lemure
  1924 | D:4      | Killed a phantom
  1938 | D:3      | Killed a lemure
  2338 | D:4      | Noticed a lemure
  2343 | D:3      | HP: 1/47 [Pikel/+1 whip of flaming (4)]
  2343 | D:3      | Slain by Pikel

Illustrated notes

Levels and vault maps discovered:
D:1:      psy_arrival_conway, layout_loops_cross, st_stairs_4, dk_noncrumbling_4
D:2:      layout_basic, dreamdust_ecumenical_altar_hidden_monk_grotto,
          chequers_garden, nicolae_kite_square_tiling_tiny,
          minmay_tiny_reverse_x
D:3:      layout_rooms, nicolae_elyvilon_peaceful_grove, uniq_robin
D:4:      layout_cave_pools, mainiacjoe_overflow_swirl, uniq_pikel

Skill      XL: |  1  2  3  4 |
---------------+-------------+-----
Fighting       | 4 |  4.5
Shields        | 4 |  4.3
Armour         | 4 |  4.6
Axes           | 3 4 |  4.9
Dodging        | 1 |  1.6
Stealth        | |  0.1

Action                     |  1- 3 |  4- 6 || total
---------------------------+-------+-------++-------
  Melee: War axe           |    63 |    68 ||   131
         Headbutt          |    11 |     9 ||    20
    Use: Scroll            |     2 |       ||     2
 Armour: Scale mail        |    27 |    32 ||    59
  Dodge: Dodged            |    26 |    32 ||    58
  Block: Buckler           |    19 |    14 ||    33

Table legend: (Time is in decaauts)
 A = Elapsed time spent in this place.
 B = Non-inter-level travel time spent in this place.
 C = Inter-level travel time spent in this place.
 D = Time resting spent in this place.
 E = Time spent auto-exploring this place.
 F = Levels seen in this place.
 G = Mean time per level.
                   A        B        C        D        E       F      G
               +--------+--------+--------+--------+--------+-----+--------+
         Total |   2398 |   2343 |     55 |    395 |   1479 |   4 |  599.5 |
       Dungeon |   2398 |   2343 |     55 |    395 |   1479 |   4 |  599.5 |
               +--------+--------+--------+--------+--------+-----+--------+

Top non-repeatable levels by time:
     D:3: 1090 daAuts
     D:1: 702 daAuts
     D:2: 576 daAuts
     D:4: 29 daAuts
